 Dungeon Crawl Stone Soup version 0.25.1-8-g42b30a86e7 (webtiles) character file.

Game seed: 4290452056379247718

181 Clowwww the Skirmisher (level 5, 0/42 HPs)
             Began as a Demonspawn Fighter on Dec 26, 2020.
             Was an Initiate of Okawaru.
             Slain by an adder (1 damage)
             ... on level 4 of the Dungeon.
             The game lasted 00:08:04 (3776 turns).

Clowwww the Skirmisher (Demonspawn Fighter)         Turns: 3776, Time: 00:08:04

Health: 0/42       AC:  8    Str: 17    XL:     5   Next: 34%
Magic:  0/5        EV:  7    Int:  9    God:    Okawaru [......]
Gold:   130        SH:  9    Dex: 13    Spells: 4/4 levels left

rFire    . . .     SeeInvis .   a - +1 war axe
rCold    + . .     Gourm    .   c - +0 kite shield
rNeg     . . .     Faith    +   b - +0 scale mail
rPois    .         Spirit   +   (no helmet)
rElec    .         Reflect  .   (no cloak)
rCorr    .         Harm     .   p - +0 pair of gloves (curse)
MR       .....     Rnd*Tele +   (no boots)
Stlth    ..........             e - amulet of faith
HPRegen  0.14/turn              h - ring of teleportation (curse)
MPRegen  0.09/turn              (no ring)

@: mighty
A: cold resistance 1, magic shield
a: Renounce Religion


You were on level 4 of the Dungeon.
You worshipped Okawaru.
Okawaru was noncommittal.
You were hungry.

You visited 1 branch of the dungeon, and saw 4 of its levels.

You collected 130 gold pieces.

Inventory:

Hand Weapons
 a - a +1 war axe (weapon)
Armour
 b - a +0 scale mail (worn)
 c - a +0 kite shield (worn)
 p - a cursed +0 pair of gloves (worn)
Jewellery
 e - an amulet of faith (around neck)
 h - a cursed ring of teleportation (left hand)
Wands
 n - a wand of digging (7)
Scrolls
 l - a scroll of amnesia
 m - a scroll of teleportation
Potions
 d - a potion of might
 k - 2 potions of curing
 o - a potion of mutation
 q - a potion of heal wounds
 s - a potion of stabbing
Comestibles
 f - 6 rations


   Skills:
 + Level 3.7 Fighting
 + Level 3.2 Axes
 + Level 3.4 Armour
 + Level 0.4 Dodging
 + Level 1.0 Stealth
 + Level 3.4 Shields


You had 4 spell levels left.
You didn't know any spells.
Your spell library was empty.

Dungeon Overview and Level Annotations

Branches:
Dungeon (4/15)             Temple (0/1) D:4

Altars:
Fedhas
Hepliaklqana
Okawaru


Innate Abilities, Weirdness & Mutations

Your flesh is cold resistant. (rC+)
When hurt, damage is shared between your health and your magic reserves.


Message History

The ogre shouts!
An adder comes into view.
Found a bubbling yellow potion.
Okay, then.
You feel very mighty all of a sudden. The ogre barely misses you.
You slash the ogre!
The ogre is moderately wounded.
You feel sick.
You are no longer poisoned.
The ogre hits you with a +0 giant spiked club.
You slash the ogre!
The ogre is almost dead.
You block the adder's attack.
The ogre hits you with a +0 giant spiked club!!
* * * LOW HITPOINT WARNING * * *
Your shield and scale mail prevent you from hitting the ogre.
The ogre is almost dead.
You barely miss the adder. The adder bites you.
You die...

,,,,,,,,,,,,,,,,,,,,,,* *,,**,
,,,,,,,,,,,...........# *,,,,,
,,,,,,,,,,,,.........!## ***,,,
,,,,,,,,,,***..........# ****
,,,,,,,*,,,,,#.........#* **,
,,,,,****,,,,,..........* **,,
****** *,,,,*#.........* **,,*
*** **,***#.SO......** **,,**
*,* ****** *#@.......,***,,**
*,*****,,** #........,,,,,**
*,,,,,,,,,** ##.......,,,,**
********,,,** *#......,**** *
***,,,,******......,* **
****,,,,,,,,,,,,......********,
**,,,,,,,,,,,,,,,,.....*,,,,,,,,
*,******,,,*******.....,,,,,,,,,
**** **,,** *,,,,,,,,,,,,,,


You could see an ogre and an adder.

Vanquished Creatures
  A hound skeleton (D:4)
  Robin (D:4)
  4 adders
  An ooze (D:3)
  4 worms
  4 dart slugs
  3 leopard geckos
  5 orcs (D:3)
  4 giant cockroaches
  9 hobgoblins
  3 jackals
  2 quokkas
  12 bats
  A frilled lizard (D:3)
  19 goblins
  9 kobolds
  A leopard gecko skeleton (D:4)
  7 rats
90 creatures vanquished.

Notes
Turn   | Place    | Note
-------+----------+-------------------------------------------
     0 | D:1      | Clowwww the Demonspawn Fighter began the quest for the Orb.
     0 | D:1      | Reached XP level 1. HP: 18/18 MP: 1/1
   170 | D:1      | Gained mutation: When hurt, damage is shared between your
                  | health and your magic reserves. [demonic ancestry]
   170 | D:1      | Reached XP level 2. HP: 15/24 MP: 2/2
   994 | D:2      | Found a hazy altar of Hepliaklqana.
  1056 | D:2      | Found an iron altar of Okawaru.
  1061 | D:2      | Reached XP level 3. HP: 28/29 MP: 1/3
  1069 | D:2      | Became a worshipper of Warmaster Okawaru
  1653 | D:2      | Reached XP level 4. HP: 34/35 MP: 4/4
  1658 | D:2      | Found a blossoming altar of Fedhas.
  1994 | D:2      | Reached skill level 1 in Stealth
  2817 | D:3      | Found a faded altar of an unknown god.
  3201 | D:3      | Gained mutation: Your flesh is cold resistant. (rC+)
                  | [demonic ancestry]
  3201 | D:3      | Reached XP level 5. HP: 36/42 MP: 3/5
  3743 | D:4      | Noticed Robin
  3757 | D:4      | Killed Robin
  3772 | D:4      | Noticed an ogre
  3775 | D:4      | HP: 1/42 [ogre/+0 giant spiked club (15)]
  3776 | D:4      | Slain by an adder

Illustrated notes

Levels and vault maps discovered:
D:1:      minmay_arrival_wavy_path, layout_basic, roderic_lattice_a,
          corner_web_ring
D:2:      layout_basic, nicolae_overflow_crystal_walls, okawaru_gym_becter,
          serial_bayou, serial_bayou_pond_d, serial_bayou_ford_a,
          serial_bayou_lake_a, serial_bayou_pond_c, fedhas_ov_isle_minmay
D:3:      layout_loops_corners, first_ration, chequers_ecumenical_altar_grove,
          kennysheep_generic_room_6
D:4:      layout_layer_cave, kennysheep_mini, temple_pool_b,
          minmay_strange_pillars, uniq_robin, uniq_eustachio

Skill      XL: |  1  2  3  4 |
---------------+-------------+-----
Armour         | 3 |  3.4
Shields        | 3 |  3.4
Axes           | 2 3 |  3.2
Stealth        | 1 |  1.0
Fighting       | |  3.7
Dodging        | |  0.4

Action                   |  1- 3 |  4- 6 || total
-------------------------+-------+-------++-------
Melee: War axe           |   117 |   152 ||   269
  Use: Scroll            |       |     8 ||     8
       Potion            |       |     1 ||     1
  Eat: Chunk             |     3 |     6 ||     9
Armor: Scale mail        |    72 |    82 ||   154
Dodge: Dodged            |    36 |    54 ||    90
Block: Kite shield       |    58 |    88 ||   146
